 Dungeon Crawl Stone Soup version 0.20-a0-217-g17e8ceb (webtiles) character file.

535 Zarson the Chopper (level 7, -1/61 HPs)
             Began as a Minotaur Fighter on Nov 28, 2016.
             Slain by an ogre
             ... wielding a +0 giant club
              (17 damage)
             ... on level 5 of the Dungeon.
             The game lasted 00:10:22 (5591 turns).

Zarson the Chopper (Minotaur Fighter)               Turns: 5591, Time: 00:10:23

Health: -1/61      AC: 10    Str: 22    XL:     7   Next: 4%
Magic:  6/6        EV:  7    Int:  5    God:
Gold:   344        SH: 11    Dex: 10    Spells: 6/6 levels left

rFire  . . .     SeeInvis .     a - +1 war axe
rCold  . . .     Gourm    .     l - +0 chain mail (curse)
rNeg   . . .     Faith    .     c - +1 shield
rPois  .         Spirit   .     (helmet restricted)
rElec  .         Reflect  .     (no cloak)
rCorr  .         Harm     .     x - +0 pair of gloves
MR     .....                    (no boots)
Stlth  ..........               e - amulet of magic regeneration
                                (no ring)
                                (no ring)

@: no status effects
A: retaliatory headbutt, horns 2
a: no special abilities


You were on level 5 of the Dungeon.
You were not hungry.

You visited 1 branch of the dungeon, and saw 5 of its levels.

You collected 344 gold pieces.

Inventory:

Hand Weapons
 a - a +1 war axe (weapon)
Missiles
 s - a throwing net (quivered)
Armour
 b - a +0 scale mail
 c - a +1 shield (worn)
 l - a cursed +0 chain mail (worn)
 x - a +0 pair of gloves (worn)
Jewellery
 e - an amulet of magic regeneration (around neck)
Wands
 w - a wand of flame (25/48)
 y - a wand of iceblast (5/15)
Scrolls
 m - 3 scrolls of remove curse
 n - a scroll of teleportation
 p - a scroll of enchant armour
 u - a scroll of recharging
 z - a scroll of magic mapping
 B - 2 scrolls of amnesia
Potions
 d - a potion of might
 i - 4 potions of flight
 k - a potion of berserk rage
 o - a potion of ambrosia
 q - 3 potions of brilliance
 r - a potion of degeneration {unknown}
 t - a potion of agility {unknown}
 v - 2 potions of invisibility {unknown}
Comestibles
 f - 4 bread rations
 g - a royal jelly
 h - a beef jerky
 A - a chunk of flesh


   Skills:
 + Level 5.1 Fighting
 * Level 5.9 Axes
 + Level 4.7 Armour
 + Level 2.8 Dodging
 + Level 5.2 Shields


You had 6 spell levels left.
You didn't know any spells.

Dungeon Overview and Level Annotations

Branches:
Dungeon (5/15)
 Temple: D:4-7

Altars:

Shops:
D:4 ?


Innate Abilities, Weirdness & Mutations

You reflexively headbutt those who attack you in melee.
You have a pair of horns on your head.


Message History

The ogre shouts!
An ogre is nearby!
Found a ring mail.
The ogre hits you with a giant club!
You slash the ogre!
The ogre is moderately wounded.
The ogre hits you with a giant club!
You slash the ogre!
The ogre is severely wounded.
You block the ogre's attack.
You barely miss the ogre.
The ogre is severely wounded.
The ogre hits you with a giant club!
You hit the ogre.
The ogre is severely wounded.
The ogre hits you with a giant club!!
* * * LOW HITPOINT WARNING * * *
You are too injured to fight recklessly!
You feel better. The ogre hits you with a giant club!
You die...

##########
#...[....#
#........ .#.......
......O.######
#..@.....#
#.#..###.# #
##..##.##
##.#...###
#.......# ##
.####....#.######..
............##.....
.##..#...#.....>...
#.######.#.#.....


You could see an ogre.

Vanquished Creatures
  A howler monkey (D:4)
  A bullfrog skeleton (D:5)
  3 orc wizards
  2 hounds (D:4)
  An orc priest (D:3)
  4 worker ants
  5 adders
  3 gnolls (D:3)
  A shadow imp (D:5)
  4 oozes
  4 worms
  3 dart slugs
  3 leopard geckos
  14 orcs
  6 giant cockroaches
  8 goblins
  4 hobgoblins
  6 kobolds
  A ball python (D:5)
  3 bats
  4 frilled lizards
  A leopard gecko skeleton (D:3)
  6 rats
88 creatures vanquished.

Notes
Turn   | Place    | Note
-------+----------+-------------------------------------------
     0 | D:1      | Zarson the Minotaur Fighter began the quest for the Orb.
     0 | D:1      | Reached XP level 1. HP: 19/19 MP: 0/0
   116 | D:1      | Reached XP level 2. HP: 23/27 MP: 1/1
   313 | D:1      | Reached skill level 1 in Dodging
  1170 | D:2      | Reached XP level 3. HP: 33/33 MP: 2/2
  1495 | D:2      | Found a faded altar of an unknown god.
  1590 | D:2      | Reached XP level 4. HP: 28/40 MP: 3/3
  2745 | D:3      | Reached XP level 5. HP: 46/46 MP: 4/4
  3484 | D:4      | Reached skill level 5 in Axes
  3484 | D:4      | Reached XP level 6. HP: 32/53 MP: 5/5
  3782 | D:4      | Reached skill level 5 in Shields
  5006 | D:4      | Found Fueshrer's Magic Scroll Emporium.
  5129 | D:5      | Entered Level 5 of the Dungeon
  5141 | D:5      | Reached skill level 5 in Fighting
  5393 | D:5      | Reached XP level 7. HP: 32/61 MP: 6/6
  5591 | D:5      | Slain by an ogre

Vault maps used:
D:1:      minmay_arrival_up_and_down
D:2:      chequers_ecumenical_altar_simple
D:4:      serial_shops, nicolae_shop_statue_plus, first_bread

Skill      XL: |  1  2  3  4  5  6 |
---------------+-------------------+-----
Axes           | 3 4 5 |  5.9
Dodging        | 1 2 |  2.8
Shields        | 4 5 |  5.2
Armour         | 4 |  4.7
Fighting       | 4 5 |  5.1

Action                   |  1- 3 |  4- 6 |  7- 9 || total
-------------------------+-------+-------+-------++-------
Melee: War axe           |    87 |   160 |     7 ||   254
       Headbutt          |    10 |    25 |     2 ||    37
  Use: Scroll            |       |    15 |       ||    15
       Potion            |       |       |     1 ||     1
  Eat: Chunk             |     2 |    12 |     1 ||    15
Armor: Scale mail        |    37 |    17 |       ||    54
       Chain mail        |       |    49 |     1 ||    50
Dodge: Dodged            |    30 |    34 |       ||    64
Block: Shield            |    42 |    74 |     2 ||   118
